 Dungeon Crawl Stone Soup version 0.27.1-35-g4d5d836560 (webtiles) character file.

Game seed: 9124776626512677533

123 ImHallYall the Skirmisher (level 4, -1/37 HPs)
             Began as a Demonspawn Fighter on Apr 8, 2022.
             Was a Believer of Wu Jian.
             Splashed by a jelly's acid (4 damage)
             ... on level 4 of the Dungeon.
             The game lasted 00:09:00 (3245 turns).

ImHallYall the Skirmisher (Demonspawn Fighter)      Turns: 3245, Time: 00:09:01

Health: -1/37      AC: -3    Str: 17    XL:     4   Next: 80%
Magic:  4/4        EV:  7    Int:  9    God:    Wu Jian [**....]
Gold:   216        SH:  9    Dex: 13    Spells: 3/3 levels left

rFire    . . .     SeeInvis .   e - +0 war axe
rCold    . . .     Faith    .   c - +0 kite shield
rNeg     . . .     Spirit   .   b - +0 scale mail
rPois    .         Reflect  .   i - +0 helmet
rElec    .         Harm     .   (no cloak)
rCorr    .         Rampage  .   (no gloves)
Will     .....                  (no boots)
Stlth    ..........             (no amulet)
HPRegen  0.12/turn              (no ring)
MPRegen  0.09/turn              (no ring)

@: corroded
A: foul stench 1, sharp scales 1
a: Renounce Religion, Wall Jump


You were on level 4 of the Dungeon.
You worshipped Wu Jian.
Wu Jian was pleased with you.
You visited 1 branch of the dungeon, and saw 4 of its levels.

You collected 216 gold pieces.

Inventory:

Hand Weapons
 a - a +0 long sword
 e - a +0 war axe (weapon)
Missiles
 h - 6 javelins (quivered)
Armour
 b - a +0 scale mail (worn)
 c - a +0 kite shield (worn)
 i - a +0 helmet (worn)
 p - a +0 cloak
Scrolls
 f - 2 scrolls of teleportation
 g - a scroll of holy word {unknown}
 k - a scroll of noise
 m - a scroll of fear
 n - a scroll of vulnerability
Potions
 d - a potion of might
 j - a potion of degeneration {unknown}
 l - a potion of curing {unknown}
 o - 2 potions of mutation {unknown}


   Skills:
 + Level 3.7 Fighting
 + Level 2.3 Long Blades
 + Level 2.0 Axes
 + Level 3.1 Armour
 + Level 0.5 Dodging
 + Level 3.1 Shields


You had 3 spell levels left.
You didn't know any spells.
Your spell library contained the following spells:

 Spells                   Type           Power      Damage    Failure   Level
 Magic Dart               Conj           0%         1d3       99%         1
 Corpse Rot               Necr/Air       N/A        N/A       100%        2
 Passwall                 Tmut/Erth      0%         N/A       100%        2
 Searing Ray              Conj           0%         3d3       100%        2
 Swiftness                Air            0%         N/A       100%        3
 Dispel Undead            Necr           0%         3d6       100%        4
 Fulminant Prism          Conj/Hex       0%         3d6       100%        4
 Death Channel            Necr           0%         N/A       100%        6
 Invisibility             Hex            0%         N/A       100%        6


Dungeon Overview and Level Annotations

Branches:
Dungeon (4/15)
 Temple: D:4-7

Altars:
Dithmenos
Makhleb
Trog
Wu Jian
Xom
The Shining One


Innate Abilities, Weirdness & Mutations

You may rarely emit foul miasma when damaged in melee.
You are partially covered in razor-sharp scales. (AC +1, Slay +1)


Message History

You enter a teleport trap!
The teleport trap disappears.
Your surroundings suddenly seem different.
Done exploring.
There is a stone staircase leading down here.
You climb downwards.
Found 18 gold pieces and a scroll of teleportation.
There is a stone staircase leading up here.
Found a stone staircase leading up.
You now have 191 gold pieces (gained 10).
You now have 199 gold pieces (gained 8).
f - 2 scrolls of teleportation (gained 1)
You open the door.
There is an open door here.
You open the door.
There is an open door here.
Found 17 gold pieces.
Found 8 gold pieces and a club.
You now have 216 gold pieces (gained 17).
Found a scroll of magic mapping.
Found 6 gold pieces.
A jelly comes into view.
Found a coppery potion.
The jelly quivers.
Found 14 gold pieces.
You hit the jelly.
Your hands burn!
The jelly is moderately wounded.
The jelly barely misses you. You block the jelly's attack.
You hit the jelly but do no damage.
Your hands burn!
The jelly is moderately wounded.
The jelly closely misses you. The jelly hits you but does no damage.
You completely miss the jelly.
The jelly is moderately wounded.
The jelly hits you but does no damage.
You slash the jelly! The acid corrodes you!
Your hands burn!
The jelly is almost dead.
The jelly hits you. The acid corrodes you!
You are splashed with acid!
The jelly hits you. The acid corrodes you!
You are splashed with acid!
* * * LOW HITPOINT WARNING * * *
You hit the jelly but do no damage. The acid corrodes you!
Your hands burn!
You die...

#. #$.) ......
..######... ......
........####......
#.............!..
#.##................
.#.##.##................
.#.##.##...........###
.#.##.##.............#
.#.##....######.@....#
.#.##....# #.J.......
.#.##....# #......###
.#.##....# ...?...#
'#'##.#### $.......#
......# #.........#
......# #.........#
.......# #.........#
##+#...#


You could see a jelly.

Vanquished Creatures
  Jessica (D:3)
  2 adders (D:2)
  A worm (D:3)
  2 dart slugs (D:2)
  An orc (D:3)
  2 ball pythons (D:1)
  6 endoplasms
  2 giant cockroaches (D:1)
  9 goblins
  9 hobgoblins
  12 kobolds
  4 quokkas (D:3)
  7 bats
  3 frilled lizards
  7 rats
68 creatures vanquished.

Vanquished Creatures (others)
  5 fungi (D:2)
  2 plants (D:2)
7 creatures vanquished.

Grand Total: 75 creatures vanquished

Notes
Turn   | Place    | Note
-------+----------+-------------------------------------------
     0 | D:1      | ImHallYall the Demonspawn Fighter began the quest for the
                  | Orb.
     0 | D:1      | Reached XP level 1. HP: 18/18 MP: 1/1
   346 | D:1      | Gained mutation: You may rarely emit foul miasma when
                  | damaged in melee. [demonic ancestry]
   346 | D:1      | Reached XP level 2. HP: 19/24 MP: 2/2
   502 | D:1      | HP: 1/24 [hobgoblin (1)]
  1239 | D:1      | Reached XP level 3. HP: 21/29 MP: 3/3
  1696 | D:2      | Found a faded altar of an unknown god.
  1724 | D:2      | Became a worshipper of the Wu Jian Council
  1724 | D:2      | Reached * piety under Wu Jian
  2000 | D:2      | Gained mutation: You are partially covered in razor-sharp
                  | scales. (AC +1, Slay +1) [demonic ancestry]
  2000 | D:2      | Reached XP level 4. HP: 26/37 MP: 4/4
  2458 | D:3      | Found a bloodstained altar of Trog.
  2458 | D:3      | Found a burning altar of Makhleb.
  2483 | D:3      | Found a shadowy altar of Dithmenos.
  2590 | D:3      | Reached ** piety under Wu Jian
  2591 | D:3      | Reached skill level 1 in Axes
  2865 | D:3      | Noticed Jessica
  2870 | D:3      | Killed Jessica
  3130 | D:3      | Found a shimmering altar of Xom.
  3245 | D:4      | Splashed by a jelly's acid

Illustrated notes

Levels and vault maps discovered:
D:1:      pf_arrival_petrified_forest, layout_basic, minmay_vboxes
D:2:      layout_basic, shapermc_ecumenical_altar_mp_urbaneastern,
          chequers_serial_rivers_small_b
D:3:      cheibrodos_helix_gallery, layout_rooms, jmf_multi_god_temple,
          xom_teletrap_fun, gammafunk_temple_overflow_wave,
          kennysheep_jessica_study
D:4:      layout_basic, uniq_duvessa

Skill      XL: |  1  2  3  4 |
---------------+-------------+-----
Long Blades    | 2 |  2.3
Shields        | 3 |  3.1
Armour         | 3 |  3.1
Axes           | 2 |  2.0
Fighting       | |  3.7
Dodging        | |  0.5

Action                   |  1- 3 |  4- 6 || total
-------------------------+-------+-------++-------
Melee: Long sword        |    51 |       ||    51
       War axe           |    62 |    48 ||   110
Invok: Lunge             |     1 |     2 ||     3
       Whirlwind         |       |     7 ||     7
  Use: Scroll            |     3 |     4 ||     7
Armor: Scale mail        |    96 |    26 ||   122
Dodge: Dodged            |    59 |    18 ||    77
Block: Kite shield       |    80 |    25 ||   105
       Rpst.: Long sword |    10 |       ||    10
